 Dungeon Crawl Stone Soup version 0.29-a0-322-g68df515428 (webtiles) character file.

Game seed: 9633217918186056608

1875 bande the Chopper (level 9, -1/55 HPs)
             Began as a Gargoyle Fighter on Apr 7, 2022.
             Was a Follower of Okawaru.
             Slain by chopper's ghost (12 damage)
             ... on level 6 of the Dungeon.
             The game lasted 00:11:55 (7967 turns).

bande the Chopper (Gargoyle Fighter)                Turns: 7967, Time: 00:11:56

Health: -1/55      AC: 20    Str: 20    XL:     9   Next: 14%
Magic:  11/11      EV:  6    Int:  9    God:    Okawaru [*.....]
Gold:   296        SH:  6    Dex: 13    Spells: 8/8 levels left

rFire   . . .      SeeInvis +   a - +1 war axe
rCold   . . .      Faith    .   c - +1 buckler
rNeg    + . .      Spirit   .   m - +0 plate armour
rPois   ∞          Reflect  .   (no helmet)
rElec   +          Harm     .   (no cloak)
rCorr   .          Rampage  .   f - +0 pair of gloves
Will    +....                   (no boots)
Stlth   ..........              (no amulet)
HPRegen 0.18/turn               h - ring of willpower
MPRegen 0.12/turn               o - ring of see invisible

@: no status effects
A: sickness immunity, AC +6, negative energy resistance 1, electricity
resistance, torment resistance 1, petrification resistance
a: Renounce Religion, Heroism


You were on level 6 of the Dungeon.
You worshipped Okawaru.
Okawaru was aware of your devotion.
You visited 2 branches of the dungeon, and saw 7 of its levels.

You collected 296 gold pieces.

Inventory:

Hand Weapons
 a - a +1 war axe (weapon)
 b - a +0 war axe
 k - a +2 flail of protection
Missiles
 j - 2 throwing nets (quivered)
Armour
 c - a +1 buckler (worn)
 f - a +0 pair of gloves (worn)
 m - a +0 plate armour (worn)
Jewellery
 h - a ring of willpower (left hand)
 o - a ring of see invisible (right hand)
Wands
 n - a wand of flame (8)
 s - a wand of iceblast (10)
Scrolls
 l - 2 scrolls of teleportation
 p - a scroll of identify
Potions
 d - a potion of might
 e - 2 potions of ambrosia
 g - a potion of flight
 i - 3 potions of brilliance


   Skills:
 + Level 6.0 Fighting
 + Level 6.8 Axes
 + Level 6.2 Armour
 - Level 0.1 Dodging
 + Level 5.3 Shields
 * Level 2.8 Invocations
 * Level 3.2 Evocations


You had 8 spell levels left.
You didn't know any spells.
Your spell library contained the following spells:

 Spells                   Type           Power      Damage    Failure   Level
 Slow                     Hex            0%         N/A       100%        1
 Confusing Touch          Hex            0%         N/A       100%        3
 Dazzling Flash           Conj/Hex       0%         N/A       100%        3
 Vampiric Draining        Necr           0%         2d6       100%        3
 Anguish                  Hex/Necr       0%         N/A       100%        4
 Agony                    Necr           0%         N/A       100%        5
 Blade Hands              Tmut           0%         N/A       100%        5
 Irradiate                Conj/Tmut      0%         3d13      100%        5
 Silence                  Hex/Air        0%         N/A       100%        5
 Dragon Form              Tmut           0%         N/A       100%        7
 Enfeeble                 Hex            0%         N/A       100%        7
 Tukima's Dance           Hex            Unusable   N/A       N/A         3

Dungeon Overview and Level Annotations

Branches:
Dungeon (6/15)             Temple (1/1) D:5

Altars:
Ashenzari
Cheibriados
Dithmenos
Elyvilon
Fedhas
Gozag
Kikubaaqudgha
Makhleb
Okawaru
Qazlal
Ru
Sif Muna
Trog
Uskayaw
Vehumet
Wu Jian
Xom
Yredelemnul
Zin
The Shining One

Annotations:
D:6 chopper's ghost, novice MiFi


Innate Abilities, Weirdness & Mutations

You are immune to sickness and miasma.
Your stone body is resilient. (AC +6)
You are immune to poison.
You resist negative energy. (rN+)
You are resistant to electric shocks. (rElec)
You are resistant to unholy torment.
You are immune to petrification.


Message History

Chopper's ghost hits you but does no damage.
You hit chopper's ghost but do no damage.
Chopper's ghost is moderately damaged.
Chopper's ghost hits you.
You hit chopper's ghost but do no damage.
Chopper's ghost is moderately damaged.
You block chopper's ghost's attack.
You barely miss chopper's ghost.
Chopper's ghost is moderately damaged.
Chopper's ghost hits you. x2
You slash chopper's ghost!
Chopper's ghost is heavily damaged.
You block chopper's ghost's attack.
You hit chopper's ghost but do no damage.
Chopper's ghost is heavily damaged.
You block chopper's ghost's attack.
You hit chopper's ghost but do no damage.
Chopper's ghost is moderately damaged.
Chopper's ghost closely misses you.
You barely miss chopper's ghost.
Chopper's ghost is moderately damaged.
Chopper's ghost barely misses you.
You hit chopper's ghost but do no damage.
Chopper's ghost is moderately damaged.
Chopper's ghost hits you.
You barely miss chopper's ghost.
Chopper's ghost is moderately damaged.
Chopper's ghost hits you.
Chopper's ghost hits you but does no damage.
You barely miss chopper's ghost.
Chopper's ghost is moderately damaged.
Chopper's ghost hits you!
* * * LOW HITPOINT WARNING * * *
You slash chopper's ghost!
Chopper's ghost is heavily damaged.
You block chopper's ghost's attack.
You hit chopper's ghost but do no damage.
Chopper's ghost is heavily damaged.
Chopper's ghost hits you!
You die...

#..............####.####..####.
#........................## #.
#.##..[.....############## #.
###<).........# #.
#.))........### #.
#.######.#...# #. #.#
#.#...####### #. #)#
##.#...#.....## #. #.#
#)........@...## #.
#)#####........#W#...## #.
#........##...##.##...## #.
#..#####.#...##...##...# #.
#..# #.#..##.....##..# ## #..#
#....#⌠.!♣?.⌠#..#
#.!#######..##.....##..#
#.!..........##...##...#
##.######.....##⌠##...##


You could see chopper's ghost.

Vanquished Creatures
  2 water moccasins
  Duvessa (D:6)
  An ice beast (D:6)
  A sky beast (D:4)
  An ogre (D:6)
  3 black bears
  A phantom (D:4)
  3 necrophages
  3 scorpions
  Dowan (D:6)
  3 howler monkeys
  3 orc priests
  A hound (D:5)
  A jelly (D:4)
  2 orc wizards
  2 iguanas
  4 gnolls (D:6)
  4 adders
  2 shadow imps
  2 worms
  23 orcs
  3 endoplasms
  3 giant cockroaches
  8 goblins
  5 hobgoblins
  6 kobolds
  6 ball pythons
  4 bats
  3 frilled lizards
  6 rats
108 creatures vanquished.

Notes
Turn   | Place    | Note
-------+----------+-------------------------------------------
     0 | D:1      | bande the Gargoyle Fighter began the quest for the Orb.
     0 | D:1      | Reached XP level 1. HP: 14/14 MP: 1/1
   362 | D:1      | Reached XP level 2. HP: 18/19 MP: 2/2
   761 | D:2      | Found a faded altar of an unknown god.
   868 | D:2      | Reached XP level 3. HP: 19/24 MP: 3/3
  1680 | D:3      | Reached XP level 4. HP: 23/29 MP: 4/4
  2062 | D:3      | Noticed a black bear
  2069 | D:3      | Noticed a necrophage
  2088 | D:2      | Killed a black bear
  2089 | D:2      | Reached XP level 5. HP: 15/34 MP: 5/5
  2318 | D:2      | Reached XP level 6. HP: 32/39 MP: 6/6
  3738 | D:4      | Noticed a black bear
  3748 | D:4      | Killed a black bear
  3749 | D:4      | Reached XP level 7. HP: 43/44 MP: 7/7
  3950 | D:5      | Entered Level 5 of the Dungeon
  3999 | D:5      | Reached skill level 5 in Fighting
  4032 | D:4      | Reached skill level 5 in Axes
  4032 | D:4      | Reached skill level 1 in Evocations
  4376 | D:4      | Reached skill level 5 in Armour
  5019 | D:5      | Reached XP level 8. HP: 49/49 MP: 8/8
  5487 | D:5      | Found a radiant altar of Vehumet.
  5556 | D:5      | Found a staircase to the Ecumenical Temple.
  5568 | Temple   | Entered the Ecumenical Temple
  5649 | Temple   | Became a worshipper of Warmaster Okawaru
  6029 | D:5      | Reached skill level 5 in Shields
  6029 | D:5      | Reached skill level 1 in Invocations
  6170 | D:6      | Noticed Duvessa
  6171 | D:6      | Noticed Dowan
  6191 | D:6      | Killed Duvessa
  6202 | D:6      | Killed Dowan
  6768 | D:6      | Noticed chopper's ghost (novice MiFi)
  6772 | D:6      | Found a runed translucent door.
  6812 | D:6      | Reached * piety under Okawaru
  7011 | D:6      | Reached XP level 9. HP: 33/55 MP: 10/10
  7194 | D:6      | HP: 1/55 [orc/+0 club (2)]
  7705 | D:6      | Found an ornate altar of the Wu Jian Council.
  7967 | D:6      | Slain by chopper's ghost

Illustrated notes

Levels and vault maps discovered:
D:1:      scummos_arrival_checkerplants, layout_loops_ring
D:2:      layout_basic, hellmonk_ecumenical_altar_crossroads
D:3:      layout_loops_ring
D:4:      layout_loops_ring
D:5:      layout_cave_pools, mainiacjoe_overflow_six_doors_small,
          minmay_temple_entry_slanted, chequers_serial_rivers_room_b
D:6:      layout_loops_ring, mainiacjoe_overflow_chevrons,
          hellmonk_ghost_happy_afterlife, uniq_duvessa
Temple:   mainiacjoe_temple_coin_purse

Skill      XL: |  1  2  3  4  5  6  7  8  9 |
---------------+----------------------------+-----
Fighting       | 4 5 6 |  6.0
Axes           | 2 3 4 5 6 |  6.8
Armour         | 4 5 6 |  6.2
Shields        | 4 5 |  5.3
Evocations     | 1 2 3 |  3.2
Invocations    | 2 |  2.8
Dodging        | |  0.1

Action                   |  1- 3 |  4- 6 |  7- 9 || total
-------------------------+-------+-------+-------++-------
Melee: War axe           |    78 |   108 |   289 ||   475
  Use: Scroll            |     7 |     5 |     3 ||    15
       Potion            |       |     1 |     1 ||     2
Armor: Scale mail        |    42 |    70 |       ||   112
       Plate armour      |       |    25 |   226 ||   251
Dodge: Dodged            |    31 |    73 |    68 ||   172
Block: Buckler           |    25 |    43 |    94 ||   162

Table legend: (Time is in decaauts)
 A = Elapsed time spent in this place.
 B = Non-inter-level travel time spent in this place.
 C = Inter-level travel time spent in this place.
 D = Time resting spent in this place.
 E = Time spent auto-exploring this place.
 F = Levels seen in this place.
 G = Mean time per level.
                   A        B        C        D        E       F      G
               +--------+--------+--------+--------+--------+-----+--------+
         Total |   8129 |   7979 |    150 |   2577 |   4059 |   7 | 1161.3 |
       Dungeon |   8036 |   7897 |    139 |   2577 |   4004 |   6 | 1339.3 |
        Temple |     93 |     82 |     11 |      0 |     55 |   1 |   93.0 |
               +--------+--------+--------+--------+--------+-----+--------+

Top non-repeatable levels by time:
     D:4: 1947 daAuts
     D:6: 1853 daAuts
     D:2: 1480 daAuts
     D:3: 1019 daAuts
     D:5: 980 daAuts
     D:1: 756 daAuts
  Temple: 93 daAuts
